 Dungeon Crawl Stone Soup version 0.30-a0-1164-ge08a67761e (webtiles) character file.

Game seed: 16808134389820501854

51 NateTC the Digger (level 3, -1/19 HPs)
             Began as a Gargoyle Earth Elementalist on Apr 30, 2023.
             Slain by a cerulean imp
             ... wielding a +4 spear
             ... summoned by Natasha
              (3 damage)
             ... on level 2 of the Dungeon.
             The game lasted 00:02:29 (1473 turns).

NateTC the Digger (Gargoyle Earth Elementalist)     Turns: 1473, Time: 00:02:30

Health: -1/19      AC:  6    Str: 11    XL:     3   Next: 83%
Magic:  3/6        EV: 11    Int: 17    God:
Gold:   90         SH:  0    Dex: 10    Spells: 5/6 levels left

rFire   . . .        (no weapon)
rCold   . . .        (no shield)
rNeg    + . .        a - +0 robe
rPois   ∞            h - +0 helmet
rElec   +            (no cloak)
rCorr   .            (no gloves)
SInv    .            (no boots)
Will    .....        (no amulet)
Stlth   ++           (no ring)
HPRegen 0.23/turn    (no ring)
MPRegen 0.10/turn

%: no passive effects
@: no status effects
A: sickness immunity, AC +3, negative energy resistance 1, electricity
resistance, torment resistance 1, petrification resistance
a: no special abilities


You were on level 2 of the Dungeon.
You visited 1 branch of the dungeon, and saw 2 of its levels.

You collected 90 gold pieces.

Inventory:

Armour
 a - a +0 robe (worn)
 h - a +0 helmet (worn)
Scrolls
 d - a scroll of immolation {unknown}
Potions
 b - a potion of magic
 c - a potion of mutation
 e - a potion of degeneration {unknown}
 f - a potion of resistance {unknown}
 g - a potion of invisibility {unknown}
 k - a potion of might {unknown}


   Skills:
 - Level 1.5 Dodging
 - Level 2.1 Stealth
 + Level 2.3 Spellcasting
 * Level 2.2 Conjurations
 - Level 0.7 Transmutations
 * Level 4.5 Earth Magic


You had 5 spell levels left.
You knew the following spells:

 Your Spells              Type           Power      Damage    Failure   Level
a - Sandblast             Erth           34%        2d9       3%          1

Your spell library contained the following spells:

 Spells                   Type           Power      Damage    Failure   Level
 Passwall                 Tmut/Erth      8%         N/A       10%         2
 Stone Arrow              Conj/Erth      26%        3d8       14%         3
 Hailstorm                Conj/Ice       5%         3d4       34%         3
 Petrify                  Tmut/Erth      10%        N/A       54%         4
 Ice Form                 Ice/Tmut       3%         N/A       85%         4
 Dispel Undead            Necr           2%         3d7       88%         4
 Death Channel            Necr           1%         N/A       100%        6
 Simulacrum               Ice/Necr       1%         N/A       100%        6
 Cigotuvi's Dreadful Rot  Necr/Pois/Air  Unusable   N/A       N/A         2

Dungeon Overview and Level Annotations

Branches:
Dungeon (2/15) Zot: 10496

Altars:

Shops:
D:1 (**[

Annotations:
D:2 Natasha


Innate Abilities, Weirdness & Mutations

You are immune to sickness and miasma.
Your stone body is resilient. (AC +3)
You are immune to poison.
You resist negative energy. (rN+)
You are resistant to electric shocks. (rElec)
You are resistant to unholy torment.
You are immune to petrification.


Message History

A gnoll comes into view. It is wielding a +0 whip.
The blast of sand hits the gnoll!
The gnoll is almost dead.
The gnoll shouts!
Natasha casts a spell at you. The magic dart hits you.
A gnoll comes into view. It is wielding a +1 vampiric halberd.
The blast of sand hits the gnoll.
You kill the gnoll!
Natasha casts a spell at you. The magic dart hits you.
Your Conjurations skill increases to level 2!
Natasha hisses.
The blast of sand hits the gnoll.
The gnoll is lightly wounded.
The blast of sand hits the gnoll!
You kill the gnoll!
The blast of sand hits Natasha.
Natasha is moderately wounded.
Natasha claws you. Natasha claws you but does no damage.
You are too injured to fight recklessly!
You are too injured to fight recklessly!
The gnoll attacks as you move away! The gnoll hits you with a +0 whip.
You are too injured to fight recklessly!
The gnoll attacks as you move away! The gnoll hits you but does no damage.
Natasha mumbles some strange words.
The gnoll attacks as you move away! The gnoll hits you with a +0 whip.
The gnoll attacks as you move away! The gnoll closely misses you.
The gnoll attacks as you move away! The gnoll barely misses you.
The gnoll attacks as you move away! The gnoll closely misses you.
The gnoll attacks as you move away! The gnoll closely misses you.
The gnoll attacks as you move away! The gnoll hits you but does no damage.
Natasha mumbles some strange words.
The cerulean imp hits you from afar with a +4 spear.
There is a stone staircase leading up here.
The gnoll closely misses you.
The cerulean imp hits you from afar with a +0 spear.
* * * LOW HITPOINT WARNING * * *
The cerulean imp hits you from afar with a +4 spear.
You die...

#.# #.#....## #.#
#.#....# #.# #......##
#.# #####....... #.#
#.........#. #.#
#.........#. #.####
######.........##
#....####................
#.......@.####......#####
#.......g).# #.........).
#.....5.5h.# #########.##
#.##.......# # >.
#.##.......# #.
#.##.##.g### #.
..#..###.### #. ......
#...## #. ...#. ###..##
###.


You could see Natasha, 2 gnolls and 2 cerulean imps.

Vanquished Creatures
  An adder (D:1)
  2 gnolls (D:2)
  A ball python (D:2)
  3 endoplasms
  A giant cockroach (D:2)
  2 goblins (D:1)
  2 hobgoblins (D:1)
  A quokka (D:1)
  A frilled lizard (D:1)
  6 kobolds
  3 rats
23 creatures vanquished.

Notes
Turn   | Place    | Note
-------+----------+-------------------------------------------
     0 | D:1      | NateTC the Gargoyle Earth Elementalist began the quest for
                  | the Orb.
     0 | D:1      | Reached XP level 1. HP: 10/10 MP: 3/3
   125 | D:1      | Found Bonoyps's Assorted Antiques.
   211 | D:1      | Found Qicennin's Antique Armour Shoppe.
   446 | D:1      | Found Gatih's Antique Weapon Boutique.
   572 | D:1      | Reached skill level 1 in Conjurations
   572 | D:1      | Reached XP level 2. HP: 15/15 MP: 1/5
   633 | D:1      | Found Syhooc's Assorted Antiques.
   873 | D:1      | Reached skill level 4 in Earth Magic
  1176 | D:1      | Reached XP level 3. HP: 16/19 MP: 1/6
  1441 | D:2      | Noticed Natasha
  1473 | D:2      | Slain by a cerulean imp

Illustrated notes

Levels and vault maps discovered:
D:1:      dpeg_arrival_water_fire, layout_loops_ring, serial_shops,
          nicolae_diamond_shop, shop, shop, shop, chequers_serial_rivers_large_a
D:2:      layout_rooms, minmay_pentomino_r2, uniq_natasha

Skill      XL: |  1  2  3 |
---------------+----------+-----
Conjurations   | 1 2 |  2.2
Earth Magic    | 4 |  4.5
Dodging        | |  1.5
Stealth        | |  2.1
Spellcasting   | |  2.3
Transmutations | |  0.7

Action                     || total
---------------------------++-------
   Cast: Sandblast         ||    30
    Use: Scroll            ||     4
 Armour: Robe              ||    15
  Dodge: Dodged            ||    22

Table legend: (Time is in decaauts)
 A = Elapsed time spent in this place.
 B = Non-inter-level travel time spent in this place.
 C = Inter-level travel time spent in this place.
 D = Time resting spent in this place.
 E = Time spent auto-exploring this place.
 F = Levels seen in this place.
 G = Mean time per level.
                   A        B        C        D        E       F      G
               +--------+--------+--------+--------+--------+-----+--------+
         Total |   1502 |   1486 |     16 |    165 |   1140 |   2 |  751.0 |
       Dungeon |   1502 |   1486 |     16 |    165 |   1140 |   2 |  751.0 |
               +--------+--------+--------+--------+--------+-----+--------+

Top non-repeatable levels by time:
     D:1: 1254 daAuts
     D:2: 248 daAuts
